[Event "Titled Tuesday Blitz March 22 Late 2022"]
[White "Manukyan, Sargis A."]
[Black "Bok, Benjamin"]
[WhiteFideId "13303970"]
[BlackFideId "1017063"]
[WhiteElo "2187"]
[BlackElo "2658"]
[Result "1-0"]
[Round "01"]
[TimeControl "180+1"]
[Date "2022.03.22"]
[WhiteClock "0:00:18"]
[BlackClock "0:00:02"]

1. d4 d5 2. c4 c6 3. Nc3 Nf6 4. e3 e6 5. Nf3 Nbd7 6. Bd3 dxc4 7. Bxc4 b5 8. Bd3 Bb7 9. O-O a6 10. e4 b4 11. Na4 c5 12. e5 Nd5 13. Re1 Rc8 14. Qe2 cxd4 15. Nxd4 Nc5 16. Nxc5 Bxc5 17. Nb3 Bb6 18. Qg4 g6 19. Bg5 Qd7 20. Rad1 a5 21. Nd4 O-O 22. Bb5 Qc7 23. Bh6 Rfd8 24. Rc1 Qb8 25. Nxe6 Rxc1 26. Bxc1 Rc8 27. Ng5 Rxc1 28. Rxc1 Qxe5 29. Qh4 h6 30. Qxh6 Bxf2+ 31. Kh1 Nf6 32. Bc4 Bd5 33. Bxd5 Qxd5 34. Rc8+ 1-0


[Site "https://www.chess.com"]

[Event "Titled Tuesday Blitz March 22 Late 2022"]
[White "Marcziter, Dmitrii"]
[Black "Kokoszczynski, Jan"]
[WhiteFideId "13900765"]
[BlackFideId "1174460"]
[WhiteElo "2155"]
[BlackElo "2163"]
[Result "0-1"]
[Round "01"]
[TimeControl "180+1"]
[Date "2022.03.22"]
[WhiteClock "0:00:47"]
[BlackClock "0:00:58"]

1. d4 d5 2. c4 e6 3. Nc3 a6 4. cxd5 exd5 5. Qc2 c6 6. Nf3 Nf6 7. Bg5 Be7 8. e3 O-O 9. Bd3 h6 10. Bh4 Ne8 11. Bxe7 Qxe7 12. O-O-O Nd6 13. Kb1 b5 14. Ne5 Nc4 15. e4 Nxe5 16. dxe5 d4 17. Ne2 c5 18. b3 Nc6 19. f4 Nb4 20. Qd2 Nxd3 21. Qxd3 c4 22. Qxd4 cxb3 23. axb3 Bg4 24. Rde1 Rfd8 25. Qb2 Bxe2 26. Rxe2 a5 27. Rd2 Qb4 28. Rc2 Qxe4 29. Rf1 a4 30. g3 axb3 31. Qxb3 Ra4 32. Qc3 Rc4 33. Re1 Rd1+ 34. Rxd1 Rxc3 35. Rc1 Rb3+ 36. Ka2 Qa4# 0-1


[Site "https://www.chess.com"]

[Event "Titled Tuesday Blitz March 22 Late 2022"]
[White "Martin Barcelo, Carles"]
[Black "Moussard, Jules"]
[WhiteFideId "24561444"]
[BlackFideId "642908"]
[WhiteElo "1875"]
[BlackElo "2557"]
[Result "0-1"]
[Round "01"]
[TimeControl "180+1"]
[Date "2022.03.22"]
[WhiteClock "0:00:07"]
[BlackClock "0:00:31"]

1. e4 e5 2. Nf3 Nf6 3. Nxe5 d6 4. Nf3 Nxe4 5. Nc3 Nxc3 6. dxc3 Be7 7. Be3 O-O 8. Qd2 Nc6 9. O-O-O Bf5 10. Kb1 Qd7 11. h3 Rfe8 12. g4 Be4 13. Bg2 Bf8 14. Rhe1 h6 15. Nh4 Bxg2 16. Nxg2 a5 17. f4 a4 18. a3 Na5 19. Qd3 Qc6 20. Nh4 Nc4 21. Bc1 b5 22. Nf5 Qg2 23. Ne3 Qxh3 24. Nxc4 Qxd3 25. cxd3 bxc4 26. dxc4 f5 27. gxf5 Kf7 28. Kc2 Rxe1 29. Rxe1 Ra5 30. Rd1 Rxf5 31. Rd5 g6 32. Kd3 c6 33. Rxf5+ gxf5 34. Be3 h5 35. Bf2 Ke6 36. Kc2 Be7 37. b3 axb3+ 38. Kxb3 h4 39. a4 h3 40. Bg3 Kd7 41. Kb4 Kc7 42. a5 Kb7 43. Ka4 Ka6 44. Bh2 Bd8 45. c5 d5 46. Kb3 Bxa5 47. c4 d4 48. Kc2 Be1 49. Kd3 Bf2 50. Ke2 Be3 51. Bg3 Ka5 52. Be1+ Ka4 53. Kf3 h2 54. Kg2 Bxf4 55. Bf2 d3 0-1


[Site "https://www.chess.com"]

[Event "Titled Tuesday Blitz March 22 Late 2022"]
[White "Martin Duque, Jesus"]
[Black "Fernandez Siles, Luis"]
[WhiteFideId "2208954"]
[BlackFideId "2209420"]
[WhiteElo "2243"]
[BlackElo "2212"]
[Result "0-1"]
[Round "01"]
[TimeControl "180+1"]
[Date "2022.03.22"]
[WhiteClock "0:00:13"]
[BlackClock "0:00:21"]

1. Nf3 Nf6 2. b3 g6 3. Bb2 Bg7 4. g3 O-O 5. Bg2 d5 6. c4 c5 7. cxd5 Qxd5 8. Nc3 Qh5 9. h3 Ne4 10. g4 Nxc3 11. dxc3 Qh6 12. Qc2 Qf4 13. e3 Qc7 14. c4 Nc6 15. Bxg7 Kxg7 16. O-O-O a5 17. a4 Be6 18. Kb2 f6 19. Qc3 Rfd8 20. Ng5 Bg8 21. Ne4 Rxd1 22. Rxd1 Rd8 23. Rxd8 Nxd8 24. f4 b6 25. g5 Qc6 26. f5 Nf7 27. Nxf6 Qxg2+ 28. Ka3 Nxg5 29. Nh5+ Kh6 30. Nf4 Qg1 31. h4 Ne4 32. Qb2 Qd1 33. Qg2 Qa1+ 34. Qa2 Qxa2+ 35. Kxa2 Nc3+ 36. Kb2 Nd1+ 37. Kc1 Nxe3 38. fxg6 hxg6 39. Kd2 Nf5 40. Nd3 Nxh4 41. Ne5 Be6 42. Ke3 g5 43. Ke4 Bf5+ 44. Ke3 Bc2 45. Nc6 Bxb3 46. Nxe7 Bxc4 47. Nc8 Bb3 48. Nxb6 c4 49. Kd4 g4 50. Nd5 g3 51. Ne3 g2 52. Nxg2 Nxg2 53. Kc3 Nf4 54. Kb2 Nd5 55. Ka3 Kg5 56. Kb2 Kf4 57. Ka3 Ke3 58. Kb2 Kd4 59. Ka3 Kd3 60. Kb2 Kd2 61. Ka3 Ne3 62. Kb2 Ba2 63. Ka3 c3 64. Kxa2 c2 65. Kb3 c1=Q 66. Ka2 Qc4+ 67. Ka3 Qb4+ 68. Ka2 Kc2 0-1


[Site "https://www.chess.com"]

[Event "Titled Tuesday Blitz March 22 Late 2022"]
[White "Melkumyan, Hrant"]
[Black "Sztokbant, Bernardo Vainzoff"]
[WhiteFideId "13302485"]
[BlackFideId "2115956"]
[WhiteElo "2604"]
[BlackElo "2237"]
[Result "0-1"]
[Round "01"]
[TimeControl "180+1"]
[Date "2022.03.22"]
[WhiteClock "0:00:01"]
[BlackClock "0:00:04"]

1. c4 Nf6 2. g3 c5 3. Bg2 Nc6 4. Nc3 g6 5. e3 Bg7 6. Nge2 O-O 7. O-O e6 8. d4 cxd4 9. exd4 d5 10. c5 b6 11. Bf4 bxc5 12. dxc5 Ba6 13. Re1 Qa5 14. Bd6 Rfc8 15. a3 Qd8 16. b4 Bc4 17. Rc1 Ne8 18. Bf4 e5 19. Nxd5 Bxe2 20. Qxe2 exf4 21. Nxf4 Nf6 22. Rcd1 Qc7 23. Rd6 Re8 24. Rxc6 Rxe2 25. Rxe2 Qd7 26. Rd6 Qc8 27. Bxa8 Qxa8 28. c6 Ne8 29. Rd7 Bf8 30. Nd5 Qxc6 31. Rxe8 Kg7 32. Red8 Qc1+ 33. Kg2 Qxa3 34. Rb8 Qd3 35. Nf6 Qe2 36. Re8 Qb5 37. Rdd8 Kxf6 38. Rxf8 Qxb4 39. Rfe8 Qb7+ 40. Kg1 Qb1+ 41. Kg2 Qb7+ 42. f3 Qb2+ 43. Kg1 Qb1+ 44. Kf2 Qc2+ 45. Re2 Qc5+ 46. Kg2 a5 47. Rdd2 Kg7 48. Ra2 Qc4 49. Rec2 Qb3 50. Rcb2 Qc4 51. Ra3 a4 52. Rba2 Qb4 53. Rxa4 Qb3 54. R4a3 Qc4 55. Ra5 h5 56. R5a4 Qb3 57. Ra7 Qd3 58. Rb2 Qe3 59. Rd7 Qe5 60. Rc2 Qf5 61. Rcd2 Qe6 62. R7d4 Qe3 63. R4d3 Qe1 64. Rf2 Qa1 65. Rdd2 Qb1 66. Rde2 h4 67. gxh4 Qb4 68. Re4 Qb5 69. Rg4 Qf5 70. Re2 Kh7 71. Ree4 Qd5 72. Ref4 Qd2+ 73. Kh3 Kg7 74. h5 Qe2 75. hxg6 Qf1+ 76. Rg2 fxg6 77. Kg3 Qe1+ 78. Kg4 Qf1 79. Rg3 Qf2 80. h3 Qc5 0-1


[Site "https://www.chess.com"]

[Event "Titled Tuesday Blitz March 22 Late 2022"]
[White "Mikhailovsky, Vladimir"]
[Black "Fiol, Fabrice"]
[WhiteFideId "34105414"]
[BlackFideId "611670"]
[WhiteElo "2371"]
[BlackElo "2440"]
[Result "1-0"]
[Round "01"]
[TimeControl "180+1"]
[Date "2022.03.22"]
[WhiteClock "0:00:18"]
[BlackClock "0:00:03"]

1. e4 c5 2. Nf3 e6 3. d4 cxd4 4. Nxd4 a6 5. Bd3 Nc6 6. Nxc6 dxc6 7. O-O e5 8. f4 Nf6 9. Kh1 Ng4 10. Qe1 Bc5 11. Qg3 Qd4 12. h3 Nf2+ 13. Kh2 h5 14. Qxg7 exf4 15. e5 Rf8 16. Nc3 Bxh3 17. gxh3 O-O-O 18. Ne2 Qd7 19. Rxf2 Bxf2 20. Bxf4 Rg8 21. Qf6 Qd5 22. Qf5+ Rd7 23. Qe4 Qe6 24. Rf1 Bb6 25. Bg3 Kb8 26. Nf4 Qe8 27. e6 Ka8 28. exd7 Qxd7 29. Nxh5 f5 30. Qxf5 Qd4 31. Nf6 Rf8 32. h4 Qxb2 33. h5 Bd4 34. Bh4 Bxf6 35. Bxf6 Qa3 36. h6 Qb4 37. h7 Qd6+ 38. Qe5 Qd7 39. h8=Q Rxh8+ 40. Bxh8 Qd8 41. Bg7 Qh4+ 42. Kg2 Qg4+ 43. Qg3 Qd7 44. Rf8+ Ka7 45. Qe3+ b6 46. Bg6 Qd5+ 47. Kf2 a5 48. Rf7+ Ka6 49. Bd3+ b5 50. Ra7# 1-0


[Site "https://www.chess.com"]

[Event "Titled Tuesday Blitz March 22 Late 2022"]
[White "Mikhalsky, Vladimir"]
[Black "Khanin, Semen"]
[WhiteFideId "14144352"]
[BlackFideId "4111990"]
[WhiteElo "2301"]
[BlackElo "2442"]
[Result "1/2-1/2"]
[Round "01"]
[TimeControl "180+1"]
[Date "2022.03.22"]
[WhiteClock "0:00:14"]
[BlackClock "0:00:03"]

1. c4 Nf6 2. Nc3 g6 3. e4 e5 4. g3 Bg7 5. Bg2 O-O 6. Nge2 Nc6 7. d3 d6 8. h3 Nd7 9. O-O Nc5 10. Be3 a5 11. d4 exd4 12. Nxd4 Nxd4 13. Bxd4 Be6 14. Bxg7 Kxg7 15. Nd5 Bxd5 16. cxd5 a4 17. Re1 Qf6 18. Rb1 Rfe8 19. Qc2 Qd4 20. Rbd1 Qb4 21. Qd2 Qxd2 22. Rxd2 Ra5 23. f4 f6 24. Rde2 Rb5 25. e5 fxe5 26. fxe5 Rxe5 27. Rxe5 dxe5 28. Rxe5 Kf6 29. Re2 Nd3 30. Re6+ Kf7 31. Re3 Nxb2 32. Rc3 Ke7 33. Rxc7+ Kd6 34. Rxh7 Nc4 35. Rh6 Rb1+ 36. Kh2 Ne5 37. Be4 Rb2+ 38. Kg1 Rxa2 39. Bxg6 Kc5 40. Bf7 Rd2 41. Bg8 a3 42. d6 Nc4 43. Rh5+ Kb4 44. Bxc4 Kxc4 45. Ra5 Kb4 46. Ra7 a2 47. d7 b5 48. Rxa2 Rxd7 49. Kf2 Kc3 50. Kf3 b4 51. g4 b3 52. Ra1 b2 53. Re1 Rd3+ 54. Ke4 Rxh3 55. g5 Kd2 56. Rb1 Kc2 57. Rxb2+ Kxb2 58. Kf5 Kc3 59. g6 Kd4 60. Kf6 Rf3+ 61. Ke7 Ke5 62. g7 Ra3 63. g8=Q Ra7+ 64. Kf8 Ra8+ 65. Kg7 Rxg8+ 66. Kxg8 1/2-1/2


[Site "https://www.chess.com"]

[Event "Titled Tuesday Blitz March 22 Late 2022"]
[White "Milosevic, Milos"]
[Black "Akobian, Varuzhan"]
[WhiteFideId "964875"]
[BlackFideId "13300580"]
[WhiteElo "2237"]
[BlackElo "2634"]
[Result "0-1"]
[Round "01"]
[TimeControl "180+1"]
[Date "2022.03.22"]
[WhiteClock "0:00:45"]
[BlackClock "0:00:40"]

1. e4 d6 2. d4 Nf6 3. Nc3 c6 4. h3 e5 5. dxe5 dxe5 6. Qxd8+ Kxd8 7. Bg5 Be6 8. O-O-O+ Ke8 9. Nf3 Nbd7 10. Bxf6 gxf6 11. Nh4 Bc5 12. f3 Kd8 13. Nf5 Kc7 14. Na4 Bf8 15. a3 b5 16. Nc3 a5 17. Kb1 b4 18. axb4 axb4 19. Ne2 Bc5 20. Nc1 Ra7 21. Ng7 Bd4 22. Nxe6+ fxe6 23. Bc4 Nc5 24. Nb3 Rha8 25. c3 bxc3 26. bxc3 Nxb3 27. Bxb3 Bxc3 28. Bxe6 Bd4 29. Kc2 Ra3 30. Rb1 Kd6 31. Bb3 c5 32. Bd5 c4 33. Bxa8 Ra2+ 34. Kd1 Rxa8 35. Kc1 Ra2 36. Rb6+ Bxb6 0-1


[Site "https://www.chess.com"]

[Event "Titled Tuesday Blitz March 22 Late 2022"]
[White "Muetsch, Annmarie"]
[Black "Mekhitarian, Krikor Sevag"]
[WhiteFideId "12971367"]
[BlackFideId "2107660"]
[WhiteElo "2249"]
[BlackElo "2598"]
[Result "0-1"]
[Round "01"]
[TimeControl "180+1"]
[Date "2022.03.22"]
[WhiteClock "0:00:58"]
[BlackClock "0:00:59"]

1. e4 c5 2. Nf3 e6 3. d4 cxd4 4. Nxd4 Nc6 5. Nc3 a6 6. Be3 Nf6 7. a3 d5 8. exd5 Nxd5 9. Nxd5 Qxd5 10. Nf3 Qxd1+ 11. Rxd1 e5 12. Bc4 f6 13. h3 Be7 14. g4 h5 15. g5 h4 16. g6 Bf5 17. Bf7+ Kf8 18. c3 Nd8 19. Bd5 Bxg6 20. Bb6 Nc6 21. Ke2 Bf7 22. Bxf7 Kxf7 23. Rd7 Ke6 24. Rxb7 Rab8 25. Rxb8 Rxb8 0-1


[Site "https://www.chess.com"]

[Event "Titled Tuesday Blitz March 22 Late 2022"]
[White "Niemann, Hans Moke"]
[Black "Godzwon, Iwo"]
[WhiteFideId "2093596"]
[BlackFideId "21802483"]
[WhiteElo "2632"]
[BlackElo "2201"]
[Result "1-0"]
[Round "01"]
[TimeControl "180+1"]
[Date "2022.03.22"]
[WhiteClock "0:00:56"]
[BlackClock "0:00:12"]

1. d4 Nf6 2. Nc3 d5 3. Bf4 e6 4. Nb5 Na6 5. e3 c6 6. Nc3 Bd6 7. Bxa6 bxa6 8. Nf3 c5 9. Bxd6 Qxd6 10. O-O O-O 11. Na4 cxd4 12. exd4 Bd7 13. Nc5 Rab8 14. Rb1 Rfc8 15. Ne5 Be8 16. Re1 a5 17. c3 Rb6 18. Qc2 Rcb8 19. b3 Rc8 20. Rbd1 Rbb8 21. h4 a4 22. b4 Qb6 23. a3 Bb5 24. f3 Rc7 25. Qd2 Ne8 26. h5 h6 27. g4 Nd6 28. Qf4 Rf8 29. Kh2 Be8 30. Qg3 Nb5 31. f4 Nxa3 32. g5 hxg5 33. fxg5 Nc4 34. Ng4 Qd6 35. Re5 Nxe5 36. dxe5 Qe7 37. Nf6+ Kh8 38. Qd3 g6 39. hxg6 fxg6 40. Kg2 Kg7 41. Rh1 Rh8 42. Rxh8 Kxh8 43. Qh3+ 1-0


[Site "https://www.chess.com"]

[Event "Titled Tuesday Blitz March 22 Late 2022"]
[White "Oganian, Miran"]
[Black "Ladan, Nicholas"]
[WhiteFideId "4122488"]
[BlackFideId "30918855"]
[WhiteElo "2357"]
[BlackElo "2167"]
[Result "1-0"]
[Round "01"]
[TimeControl "180+1"]
[Date "2022.03.22"]
[WhiteClock "0:01:41"]
[BlackClock "0:00:09"]

1. e4 Nf6 2. Nc3 e5 3. Nf3 Nc6 4. d4 exd4 5. Nxd4 Bb4 6. Nxc6 bxc6 7. Bd3 d5 8. exd5 cxd5 9. O-O O-O 10. h3 c6 11. Qf3 h6 12. Bf4 Bd6 13. Rfe1 Rb8 14. b3 Re8 15. Rxe8+ Nxe8 16. Re1 Nc7 17. Ne2 Ne6 18. Bxd6 Qxd6 19. Ng3 g6 20. Qf6 Rb4 21. Bxg6 fxg6 22. Qxg6+ Kf8 23. Qf6+ Ke8 24. Nf5 Qf8 25. Ng7+ Kd7 26. Qxe6+ Kc7 27. Ne8+ Kb8 28. Qxc6 Rb7 29. Qd6+ Ka8 30. Qxf8 1-0


[Site "https://www.chess.com"]

[Event "Titled Tuesday Blitz March 22 Late 2022"]
[White "Palchuk, Andrii"]
[Black "Vifleemskaia, Svetlana"]
[WhiteFideId "14176688"]
[BlackFideId "4129490"]
[WhiteElo "2319"]
[BlackElo "1901"]
[Result "1-0"]
[Round "01"]
[TimeControl "180+1"]
[Date "2022.03.22"]
[WhiteClock "0:00:39"]
[BlackClock "0:01:08"]

1. e4 e5 2. Nf3 Nc6 3. Nc3 Nf6 4. Bc4 Nxe4 5. Nxe4 d5 6. Bd3 dxe4 7. Bxe4 Bd6 8. O-O O-O 9. Re1 h6 10. Bxc6 bxc6 11. Nxe5 Re8 12. d4 Bb7 13. Bf4 c5 14. dxc5 Bxc5 15. Bg3 Qf6 16. Qh5 Bb6 17. h3 Rad8 18. Bh4 g5 19. Ng4 Qg6 20. Qxg6+ fxg6 21. Nxh6+ Kg7 22. Bxg5 Rxe1+ 23. Rxe1 Rd7 24. Ng4 Bc5 25. Bf6+ Kf8 26. Bc3 Be7 27. Ne5 Rd6 28. Bb4 Re6 29. Bxe7+ Kxe7 30. Nxg6+ Kf7 31. Rxe6 Kxe6 32. Nf4+ 1-0


[Site "https://www.chess.com"]

[Event "Titled Tuesday Blitz March 22 Late 2022"]
[White "Papp, Levente"]
[Black "P., Komal Kishore"]
[WhiteFideId "751243"]
[BlackFideId "5016703"]
[WhiteElo "2308"]
[BlackElo "2074"]
[Result "1-0"]
[Round "01"]
[TimeControl "180+1"]
[Date "2022.03.22"]
[WhiteClock "0:00:21"]
[BlackClock "0:00:02"]

1. c4 c6 2. d4 d5 3. Nf3 Nf6 4. Nc3 dxc4 5. a4 Bf5 6. Ne5 Nbd7 7. Nxc4 Nb6 8. Ne5 Nfd7 9. Nxd7 Nxd7 10. e4 Bg6 11. Be3 e6 12. Qb3 Qb6 13. Qc4 Qxb2 14. Rb1 Qa3 15. Rxb7 Rc8 16. Rb1 Nb6 17. Qb3 Qxb3 18. Rxb3 Be7 19. Ba6 Rb8 20. O-O O-O 21. Rfb1 Rfd8 22. a5 Nd7 23. Rb7 c5 24. d5 Bf6 25. Na4 Bxe4 26. Rxb8 Rxb8 27. Rxb8+ Nxb8 28. Nxc5 Bxd5 29. Bc8 Nc6 30. a6 Kf8 31. Nd7+ Ke7 32. Nxf6 gxf6 33. Bb7 Kd6 34. f3 Kc7 35. Kf2 Kb8 36. Bc5 e5 37. Bd6# 1-0


[Site "https://www.chess.com"]

[Event "Titled Tuesday Blitz March 22 Late 2022"]
[White "Papp, Petra"]
[Black "Donchenko, Alexander"]
[WhiteFideId "739049"]
[BlackFideId "24603295"]
[WhiteElo "2259"]
[BlackElo "2539"]
[Result "0-1"]
[Round "01"]
[TimeControl "180+1"]
[Date "2022.03.22"]
[WhiteClock "0:00:12"]
[BlackClock "0:02:29"]

1. e4 d6 2. d4 Nf6 3. Nc3 g6 4. Be3 c6 5. Nf3 Bg4 6. Bd3 Nbd7 7. h3 Bxf3 8. Qxf3 Bg7 9. Ne2 O-O 10. c3 e5 11. O-O Re8 12. Ng3 d5 13. exd5 Nxd5 14. Rae1 exd4 15. Bxd4 Bxd4 16. cxd4 Qf6 17. Qxf6 N7xf6 18. Ne4 Nxe4 19. Rxe4 Rxe4 20. Bxe4 Rd8 21. Re1 Nf4 0-1


[Site "https://www.chess.com"]

[Event "Titled Tuesday Blitz March 22 Late 2022"]
[White "Paravyan, David"]
[Black "Shandrygin, Nikita"]
[WhiteFideId "4194985"]
[BlackFideId "24198668"]
[WhiteElo "2569"]
[BlackElo "2324"]
[Result "1-0"]
[Round "01"]
[TimeControl "180+1"]
[Date "2022.03.22"]
[WhiteClock "0:02:52"]
[BlackClock "0:01:50"]

1. e4 c5 2. Nf3 e6 3. d4 cxd4 4. Nxd4 Nf6 5. Nc3 Nc6 6. Nxc6 bxc6 7. e5 Nd5 8. Ne4 Qc7 9. f4 Qb6 10. a3 f5 11. exf6 Nxf6 12. Nxf6+ gxf6 13. Qh5+ Kd8 14. Be2 Kc7 15. Bd2 Qxb2 16. Ba5+ Kb8 17. O-O Bc5+ 18. Qxc5 1-0


[Site "https://www.chess.com"]

[Event "Titled Tuesday Blitz March 22 Late 2022"]
[White "Peatman, Carter"]
[Black "Abdrlauf, Elham"]
[WhiteFideId "2096480"]
[BlackFideId "1533533"]
[WhiteElo "2479"]
[BlackElo "2334"]
[Result "0-1"]
[Round "01"]
[TimeControl "180+1"]
[Date "2022.03.22"]
[WhiteClock "0:00:29"]
[BlackClock "0:01:26"]

1. d4 Nf6 2. Nf3 d5 3. Bf4 c5 4. e3 Nc6 5. Nbd2 Bf5 6. c3 e6 7. Be2 Bd6 8. Bg3 O-O 9. O-O c4 10. b3 b5 11. a4 Bxg3 12. hxg3 b4 13. bxc4 bxc3 14. Nb3 c2 15. Qd2 Rb8 16. Nc5 Nb4 17. Nh4 dxc4 18. Nxf5 exf5 19. Bxc4 Ne4 20. Nxe4 fxe4 21. Bb3 Qc7 22. Rac1 Rfc8 23. d5 Qc3 0-1


[Site "https://www.chess.com"]

[Event "Titled Tuesday Blitz March 22 Late 2022"]
[White "Perera Alfonso, Rene Humberto"]
[Black "Tabatabaei, M. Amin"]
[WhiteFideId "3514722"]
[BlackFideId "12521213"]
[WhiteElo "2313"]
[BlackElo "2544"]
[Result "0-1"]
[Round "01"]
[TimeControl "180+1"]
[Date "2022.03.22"]
[WhiteClock "0:01:35"]
[BlackClock "0:00:49"]

1. e4 c6 2. d4 d5 3. Nc3 dxe4 4. Nxe4 Nf6 5. Nxf6+ exf6 6. c3 Bd6 7. Bd3 O-O 8. Ne2 Re8 9. Qc2 h5 10. O-O Nd7 11. Bf4 Qc7 12. Bxd6 Qxd6 13. Rae1 h4 14. Nf4 Rd8 15. Qd2 Nf8 16. h3 g6 17. Re2 Kg7 18. Rfe1 Bd7 19. Bc4 Re8 20. b4 Rxe2 21. Rxe2 Re8 22. Rxe8 Bxe8 23. Qe3 Bd7 24. Nd3 b6 25. Qf4 Qxf4 26. Nxf4 g5 27. Nd3 Ne6 28. a4 Nc7 29. f3 Be6 30. Nb2 Bxc4 31. Nxc4 Nd5 32. Nd6 Nxc3 33. a5 Nd5 34. axb6 axb6 35. b5 cxb5 36. Nxb5 f5 37. Kf2 f4 38. Ke2 Kf6 39. Nd6 Ke6 40. Ne4 f6 41. Kd3 Ne3 42. Nd2 Nxg2 43. Kc4 Ne3+ 44. Kb5 f5 45. Kxb6 Kd5 46. Nb3 g4 47. fxg4 fxg4 48. hxg4 h3 0-1


[Site "https://www.chess.com"]

[Event "Titled Tuesday Blitz March 22 Late 2022"]
[White "Perez Torres, Nabi Isaias"]
[Black "Djokic, Mihailo"]
[WhiteFideId "5120373"]
[BlackFideId "976440"]
[WhiteElo "1755"]
[BlackElo "2093"]
[Result "1-0"]
[Round "01"]
[TimeControl "180+1"]
[Date "2022.03.22"]
[WhiteClock "0:00:27"]
[BlackClock "0:01:02"]

1. d4 Nf6 2. c4 e6 3. Nf3 d5 4. e3 Bb4+ 5. Nbd2 O-O 6. a3 Be7 7. b4 b6 8. Bd3 Bb7 9. O-O c5 10. bxc5 bxc5 11. Rb1 Qc7 12. cxd5 Nxd5 13. Bb2 Nd7 14. Qc2 N7f6 15. Rfc1 Rfc8 16. dxc5 Rab8 17. Be5 Qa5 18. Bxb8 Bc6 19. Bd6 Qxa3 20. Nc4 Qa4 21. Qxa4 Bxa4 22. Rb8 Rxb8 23. Bxb8 Bxc5 24. Nb2 Ba3 25. Rc8+ Be8 26. Nc4 Be7 27. Nd6 Kf8 28. Bb5 Nb6 29. Rxe8+ Nxe8 30. Nxe8 a6 31. Bc6 a5 32. Nd6 a4 33. Nd2 a3 34. Nb3 a2 35. Ne4 Nc4 36. Nc3 f5 37. Nxa2 Ne5 38. Bf3 Kf7 39. Bxe5 1-0


[Site "https://www.chess.com"]

[Event "Titled Tuesday Blitz March 22 Late 2022"]
[White "Petrova, Irina"]
[Black "Nazaretyan, Tigran"]
[WhiteFideId "14124122"]
[BlackFideId "24162345"]
[WhiteElo "1993"]
[BlackElo "2219"]
[Result "0-1"]
[Round "01"]
[TimeControl "180+1"]
[Date "2022.03.22"]
[WhiteClock "0:00:14"]
[BlackClock "0:00:18"]

1. e4 c5 2. Nf3 Nc6 3. Bb5 g6 4. Bxc6 dxc6 5. d3 Bg7 6. Nc3 Nf6 7. Be3 Nd7 8. Qd2 h6 9. O-O e5 10. h3 b6 11. Nh2 Nf8 12. f4 exf4 13. Bxf4 Ne6 14. Be3 Nd4 15. Nd1 Be6 16. c3 Nb5 17. Nf2 f5 18. exf5 gxf5 19. Rae1 Qd7 20. a4 Nc7 21. a5 O-O-O 22. axb6 axb6 23. Ra1 Kb7 24. Nf3 Nd5 25. Qe2 Rhe8 26. Bd2 f4 27. d4 Nc7 28. dxc5 Bxh3 29. Qc4 Be6 30. Qxf4 Rf8 31. Qa4 Ra8 32. Qe4 Bd5 33. Qb4 b5 34. Rxa8 Rxa8 35. Ne4 Ra4 36. Nd6+ Ka7 37. Qxa4+ bxa4 38. Ra1 Nb5 39. Rxa4+ Kb8 40. Bf4 Nxd6 41. Bxd6+ Kb7 42. Rb4+ Ka6 43. Ra4+ Kb5 44. Rb4+ Ka5 45. Rb8 Bxf3 46. Ra8+ Kb5 47. Rb8+ Kc4 48. Rb4+ Kd3 49. Rd4+ Bxd4+ 0-1


[Site "https://www.chess.com"]

[Event "Titled Tuesday Blitz March 22 Late 2022"]
[White "Pichot, Alan"]
[Black "Kozin, Yuri"]
[WhiteFideId "110973"]
[BlackFideId "4129920"]
[WhiteElo "2579"]
[BlackElo "2504"]
[Result "0-1"]
[Round "01"]
[TimeControl "180+1"]
[Date "2022.03.22"]
[WhiteClock "0:00:02"]
[BlackClock "0:00:20"]

1. e4 c5 2. Nf3 e6 3. d4 cxd4 4. Nxd4 a6 5. Nc3 Qc7 6. Bd3 Nc6 7. Nxc6 dxc6 8. f4 e5 9. O-O Nf6 10. Qf3 Bc5+ 11. Kh1 b5 12. fxe5 Ng4 13. Bf4 Be6 14. a4 b4 15. Nd5 Qb8 16. Qg3 h5 17. Ne3 Nxe3 18. Bxe3 Bxe3 19. Qxe3 Qxe5 20. b3 h4 21. a5 h3 22. g3 O-O 23. Qf4 Qc3 24. Rad1 c5 25. e5 Rad8 26. Kg1 Bxb3 27. Qe4 g6 28. cxb3 Rd4 29. Qe2 Qxb3 30. Bxa6 Rfd8 31. Bc4 Qxd1 32. Qa2 Qd2 33. Bxf7+ Kg7 34. Qxd2 Rxd2 35. e6 Kf8 36. Bxg6+ Ke7 37. a6 Rg2+ 38. Kh1 Rdd2 39. Be4 Rxh2+ 40. Kg1 Rhe2 41. a7 Rxe4 42. a8=Q Ree2 43. Qb7+ Kxe6 44. Qf7+ Ke5 45. Qf4+ Kd5 46. Qf5+ Kc4 47. Rc1+ Kb3 48. Qf3+ Ka4 49. Ra1+ Kb5 50. Qb7+ Kc4 51. Rc1+ Kb3 52. Qf7+ Kb2 53. Rf1 Rg2+ 54. Kh1 Rh2+ 55. Kg1 Rdg2# 0-1


[Site "https://www.chess.com"]

[Event "Titled Tuesday Blitz March 22 Late 2022"]
[White "Piliczewski, Bogusz"]
[Black "Al-Tarboush, Ward"]
[WhiteFideId "1104144"]
[BlackFideId "7601450"]
[WhiteElo "1896"]
[BlackElo "2276"]
[Result "0-1"]
[Round "01"]
[TimeControl "180+1"]
[Date "2022.03.22"]
[WhiteClock "0:00:08"]
[BlackClock "0:00:24"]

1. d4 d5 2. Nf3 Nf6 3. Bf4 c5 4. c3 cxd4 5. cxd4 Bf5 6. Nc3 Nc6 7. e3 e6 8. Be2 Be7 9. O-O O-O 10. a3 Rc8 11. Rc1 Na5 12. b4 Nc4 13. Bxc4 Rxc4 14. Ne5 Rc8 15. Qa4 a6 16. Qb3 Nh5 17. a4 Nxf4 18. exf4 Qd6 19. b5 f6 20. g4 fxe5 21. dxe5 Qd7 22. gxf5 Rxf5 23. Ne2 Rcf8 24. b6 Qe8 25. Rc7 Bh4 26. Qf3 Qg6+ 27. Kh1 R5f7 28. Rg1 Qf5 29. Qg4 Qxg4 30. Rxg4 Bxf2 31. a5 Be1 32. Rg1 Bxa5 33. Rxf7 Rxf7 34. Rb1 Rf8 35. Nd4 Rxf4 36. Nxe6 Rb4 37. Rxb4 Bxb4 38. Nd8 Bc5 39. Nxb7 Bxb6 40. Nd6 Bc7 41. Kg2 Bxd6 42. exd6 Kf7 43. Kf3 Ke6 44. Ke3 Kxd6 45. Kd4 a5 46. Kc3 Kc5 47. Kd3 a4 48. Kc3 d4+ 49. Kd3 a3 50. Kc2 Kc4 51. Kb1 d3 52. Ka2 d2 53. Kxa3 d1=Q 54. Ka2 Qb3+ 55. Ka1 Qb4 56. Ka2 Kc3 57. Ka1 Qb2# 0-1


[Site "https://www.chess.com"]

[Event "Titled Tuesday Blitz March 22 Late 2022"]
[White "Plotnikov, Pavel"]
[Black "Demchenko, Anton"]
[WhiteFideId "4170342"]
[BlackFideId "4160258"]
[WhiteElo "2298"]
[BlackElo "2539"]
[Result "1-0"]
[Round "01"]
[TimeControl "180+1"]
[Date "2022.03.22"]
[WhiteClock "0:00:18"]
[BlackClock "0:00:04"]

1. e4 e5 2. Nf3 Nc6 3. Bb5 a6 4. Ba4 Nf6 5. O-O Be7 6. Re1 b5 7. Bb3 d6 8. c3 O-O 9. h3 h6 10. a4 Bd7 11. Bc2 Re8 12. d3 Bf8 13. Nbd2 b4 14. Nf1 Rb8 15. Ne3 Qc8 16. Nd5 Nxd5 17. exd5 Ne7 18. c4 f5 19. b3 g6 20. Bb2 Bg7 21. Qd2 g5 22. h4 g4 23. Nh2 Ng6 24. g3 c5 25. dxc6 Bxc6 26. d4 e4 27. Nf1 Qd7 28. Rad1 Qf7 29. Ne3 h5 30. Ng2 d5 31. Qg5 dxc4 32. bxc4 b3 33. Bb1 f4 34. gxf4 Ne7 35. d5 Bxa4 36. f5 Nxf5 37. Nf4 Nxh4 38. Re3 Nf3+ 39. Rxf3 exf3 40. Nxh5 Re2 41. Bxg7 g3 42. Bf6+ Kf8 43. Qh6+ Ke8 44. Bg6 gxf2+ 45. Kf1 Re1+ 46. Rxe1+ fxe1=Q+ 47. Kxe1 b2 48. Bxf7+ Kd7 49. Be6+ Kc7 50. Be5+ Kb6 51. Bd4+ Ka5 52. Bc3+ Kb6 53. Bxb2 Kc5 54. Qe3+ Kxc4 55. d6+ Kb4 56. Qc3+ Kb5 57. Bd7+ Kb6 58. Qd4+ 1-0


[Site "https://www.chess.com"]